Cogmind - Beta 11.1 @@@ ROGUE MODE // 2022.11.14 @ 01:31:58 Player: ok-primus Result: Destroyed by G-50 Soldier with Heavy Laser Performance ------------- Evolutions (4) 2000 Regions Visited (6) 1200 Robots Destroyed (45) 225 Value Destroyed (1544) 1544 Prototype IDs (7) 140 Alien Tech Used (0) 0 Bonus (220) 220 TOTAL SCORE: 5329 Bonus ------- Pacifist 200 Follower Combat Kills 20 Cogmind --------- Core Integrity 0/850 Matter 287/300 Energy 240/250 System Corruption 0% Temperature Cool (9) Movement Rolling (95) Ox1 Location -6/Extension Parts ------- > --- POWER (1) -------- (None) > --- PROPULSION (4) --- Wheel > --- UTILITY (8) ------ Medium Storage Unit Medium Battery Improved Targeting Computer > --- WEAPON (2) ------- (None) > --- INVENTORY (10) --- Improved Targeting Computer Arc Projector Heavy Laser Grenade Launcher Peak State ------------ > --- POWER ------------ Heavy Deuterium Engine > --- PROPULSION ------- Carbon-fiber Leg Carbon-fiber Leg Carbon-fiber Leg VSS Leg > --- UTILITY ---------- Medium Storage Unit Medium Battery Sensor Array Improved Targeting Computer Hardened Light Armor Plating Improved Light Armor Plating Improved Medium Armor Plating Powered Armor > --- WEAPON ----------- Lightning Gun Arc Projector > --- INVENTORY -------- Micro Nuclear Core Improved Titanium Leg Improved Titanium Leg Improved Targeting Computer Improved Light Armor Plating Minigun Minigun Grenade Launcher [Rating: 45] Favorites ----------- Power Heavy Deuterium Engine Engine Heavy Deuterium Engine Power Core Micro Nuclear Core Propulsion Aluminum Leg Leg Aluminum Leg Wheel Wheel Utility Medium Storage Unit Device Sensor Array Storage Medium Storage Unit Processor Improved Targeting Computer Protection Hardened Light Armor Plating Weapon Arc Projector Energy Gun Arc Projector Ballistic Gun Assault Rifle Launcher Grenade Launcher Build | -11 -10 -9 -8 -7 -6 -6 ------- Run | Scr Mat Mat Mat Fac Fac Ext Slots Evolved 8 | . . 2 2 2 2 . Power . | . . . . . . . Propulsion 2 | . . . 1 1 . . Utility 6 | . . 2 1 1 2 . Weapon . | . . . . . . . Parts Attached 66 | 5 2 16 9 20 5 9 Power 9 | 1 . 2 1 4 . 1 Engine 6 | 1 . 2 1 2 . . Core 3 | . . . . 2 . 1 Reactor . | . . . . . . . Propulsion 22 | 2 . 3 4 8 . 5 Treads . | . . . . . . . Leg 21 | 2 . 3 4 8 . 4 Wheel 1 | . . . . . . 1 Hover . | . . . . . . . Flight . | . . . . . . . Utility 18 | 1 1 7 2 3 3 1 Device 4 | . . 4 . . . . Storage 3 | 1 1 . . . 1 . Processor 2 | . . 1 1 . . . Hackware . | . . . . . . . Protection 9 | . . 2 1 3 2 1 Artifact . | . . . . . . . Weapon 17 | 1 1 4 2 5 2 2 Energy Gun 10 | . . 3 1 5 1 . Energy Cannon . | . . . . . . . Ballistic Gun 6 | 1 1 1 1 . . 2 Ballistic Cannon . | . . . . . . . Launcher 1 | . . . . . 1 . Special Weapon . | . . . . . . . Impact Weapon . | . . . . . . . Slashing Weapon . | . . . . . . . Piercing Weapon . | . . . . . . . Special Melee Weapon . | . . . . . . . Unidentified Prototypes 3 | . . . 1 2 . . Parts Lost 30 | . . 6 6 . 1 17 Power 3 | . . . 1 . . 2 Propulsion 10 | . . 1 2 . . 7 Utility 10 | . . 3 1 . 1 5 Weapon 7 | . . 2 2 . . 3 Highest Loss Streak 16 | . . 4 2 . 1 16 To Critical Strikes . | . . . . . . . Average Slot Usage (%) 94 | . 85 90 92 99 98 92 Engine 8 | . 14 11 8 6 6 5 Leg 25 | . 28 22 26 30 26 24 Device 9 | . . 16 9 7 6 5 Storage 10 | . 14 11 9 7 13 13 Processor 8 | . . . 18 15 10 6 Protection 13 | . . 7 7 15 21 23 Energy Gun 9 | . . 10 8 14 12 2 Ballistic Gun 6 | . 28 10 6 . . 8 Naked Turns . | . . . . . . . Heaviest Build 57 | 12 18 27 24 42 57 57 Greatest Support 57 | 20 20 20 35 57 57 57 Greatest Overweight (x) 8 | 3 . 1 1 . . 8 Average Overweight (x) . | . . . . . . . Largest Inventory Capacity 10 | 8 10 10 10 10 10 10 Average Capacity 9 | 7 9 10 10 10 10 10 Most Carried 10 | 7 10 10 10 10 10 10 Average Carried 9 | 4 8 9 9 9 8 9 Final Capacity 10 | 8 10 10 10 10 10 10 Final Carried 10 | 7 10 10 10 10 10 4 Class Distribution -------------------- 69% | Mutant 30% | Scavenger-Mutant Dominant Class ---------------- Mutant | -10/Materials Scavenger-Mutant | -9/Materials Scavenger-Mutant | -8/Materials Mutant | -7/Factory Mutant | -6/Factory Mutant | -6/Extension Resources | -11 -10 -9 -8 -7 -6 -6 ----------- Run | Scr Mat Mat Mat Fac Fac Ext Matter Collected 1260 | 248 . 338 254 155 205 60 Remotely . | . . . . . . . Salvage Created 1966 | . . 781 584 302 224 75 Parts 106 | . . 45 27 23 8 3 Haulers Intercepted 5 | . . 2 2 1 . . Recyclers Shooed 2 | . . . 2 . . . Parts Field Recycled . | . . . . . . . Retrieved Matter . | . . . . . . . Parts Self-Destructed . | . . . . . . . Prevented . | . . . . . . . Kills | -11 -10 -9 -8 -7 -6 -6 ------- Run | Scr Mat Mat Mat Fac Fac Ext Combat Hostiles Destroyed 34 | . . 16 7 3 7 1 Guns 25 | . . 14 7 1 2 1 AOE 6 | . . . . 1 5 . Classes Destroyed 10 | . . 5 2 1 2 . Worker 1 | . . . . . 1 . Hauler 5 | . . 2 2 1 . . Recycler 1 | . . . 1 . . . Operator 1 | . . . . 1 . . Watcher 3 | . . 1 1 1 . . Swarmer 3 | . . 3 . . . . Grunt 19 | . . 7 5 2 4 1 Brawler 2 | . . . . . 2 . Sentry 9 | . . 6 1 1 1 . Hunter 1 | . . . 1 . . . Best Kill Streak 6 | . . 5 2 2 6 1 Combat Bots Only 6 | . . 5 2 2 6 1 Max Kills in Single Turn 2 | . . 1 1 1 2 1 Gunslinging . | . . . . . . . Exploded 2 | . . . . 1 2 . Melee . | . . . . . . . Uniques/NPCs Destroyed . | . . . . . . . Combat | -11 -10 -9 -8 -7 -6 -6 -------- Run | Scr Mat Mat Mat Fac Fac Ext Damage Taken 5600 | . . 1076 814 322 737 2651 Core 1214 | . . 143 188 24 74 785 Absorbed by Shields 204 | . . 204 . . . . Core Remaining (%) 85 | 100 100 64 65 96 . . Volleys Fired 211 | . . 89 79 15 22 6 Largest 2 | . . 2 2 2 2 2 Hottest 110 | . . 90 90 110 110 50 Shots Fired 329 | . . 157 100 30 30 12 Gun 319 | . . 157 100 30 20 12 Cannon . | . . . . . . . Launcher 10 | . . . . . 10 . Special . | . . . . . . . Kinetic 163 | . . 82 69 . . 12 Thermal 92 | . . 75 17 . . . Explosive 10 | . . . . . 10 . Electromagnetic 64 | . . . 14 30 20 . Robot Hit Streak 26 | . . 17 26 10 6 7 Robot Miss Streak 4 | . . 4 4 1 1 2 Penetration Max . | . . . . . . . Secondary Targets 4 | . . 3 . . . 1 Max Gunslinging Chain 1 | . . 1 . . . 1 Shots Hit Robots 254 | . . 122 79 25 21 7 Core Hits 110 | . . 37 29 12 27 5 Critical Kills . | . . . . . . . Critical Parts Destroyed 1 | . . . 1 . . . Critical Strikes 3 | . . 2 1 . . . Burn 2 | . . 2 . . . . Destroy 1 | . . . 1 . . . Melee Attacks . | . . . . . . . Impact . | . . . . . . . Slashing . | . . . . . . . Piercing . | . . . . . . . Sneak Attacks . | . . . . . . . Combat Hostiles . | . . . . . . . Follow-up Attacks . | . . . . . . . Damage Inflicted 4365 | . . 1415 1094 392 1319 145 Guns 3212 | . . 1415 1094 348 214 141 Cannons . | . . . . . . . Explosions 1149 | . . . . 44 1105 . Melee . | . . . . . . . Ramming 4 | . . . . . . 4 Kinetic 1615 | . . 762 712 . . 141 Thermal 825 | . . 653 128 44 . . Explosive 1105 | . . . . . 1105 . Electromagnetic 816 | . . . 254 348 214 . Impact . | . . . . . . . Slashing . | . . . . . . . Piercing . | . . . . . . . Highest Corruption . | . . . . . . . Average Corruption . | . . . . . . . Corruption Purged . | . . . . . . . Corruption Blocked . | . . . . . . . Overload Shots . | . . . . . . . Overflow Damage . | . . . . . . . Projectiles . | . . . . . . . Explosions . | . . . . . . . Melee . | . . . . . . . Knockbacks . | . . . . . . . Impact . | . . . . . . . Kinetic . | . . . . . . . Secondary . | . . . . . . . Self-Inflicted Damage . | . . . . . . . Shots . | . . . . . . . Rammed . | . . . . . . . Targets Rammed 1 | . . . . . . 1 Kicked 1 | . . . . . . 1 Crushed . | . . . . . . . Highest Temperature 443 | . . 156 63 416 443 65 Average Temperature 100 | . . 35 32 152 150 26 Received Heat Transfer 1948 | . . 541 396 105 297 609 Effects 4 | . . . . 2 2 . Shutdowns 2 | . . . . 1 1 . Energy Bleed 2 | . . . . 1 1 . Siege Activations . | . . . . . . . Robots Corrupted 2 | . . . 1 1 . . Combat Hostiles 1 | . . . . 1 . . Parts Fried 6 | . . . 2 3 1 . Impact Corruptions . | . . . . . . . Robots Melted 2 | . . 2 . . . . Combat Hostiles 2 | . . 2 . . . . Parts Melted 6 | . . 6 . . . . Heat Transferred 2223 | . . 1824 299 100 . . Parts Sabotaged . | . . . . . . . Parts Stolen . | . . . . . . . Parts Stripped . | . . . . . . . Power Chain Reactions 1 | . . . . 1 . . Missiles Intercepted . | . . . . . . . Alert | -11 -10 -9 -8 -7 -6 -6 ------- Run | Scr Mat Mat Mat Fac Fac Ext Peak Influence 299 | . . 292 299 145 204 209 Initial 99 | . . . 62 64 7 99 Average 99 | . . 97 165 74 80 131 Maximum Alert Level 1 | . . 1 1 . 1 1 Low Security (%) 85 | 100 100 84 60 100 79 83 Level 1 14 | . . 15 39 . 20 16 Level 2 . | . . . . . . . Level 3 . | . . . . . . . Level 4 . | . . . . . . . Level 5 . | . . . . . . . High Security . | . . . . . . . Max Security . | . . . . . . . Squads Dispatched 7 | . . 2 2 2 . 1 Investigation 1 | . . 1 . . . . Extermination 1 | . . . . 1 . . Reinforcement 3 | . . 1 . 1 . 1 Assault . | . . . . . . . Garrison 2 | . . . 2 . . . Intercept . | . . . . . . . Searches Triggered . | . . . . . . . Construction Impeded . | . . . . . . . Haulers Reinforced 1 | . . . . 1 . . Active Scanning Responses . | . . . . . . . Cargo Convoy Interrupts . | . . . . . . . Stealth | -11 -10 -9 -8 -7 -6 -6 --------- Run | Scr Mat Mat Mat Fac Fac Ext Distress Signals 8 | . . 3 3 . . 2 Communications Jammed . | . . . . . . . Distress Signals . | . . . . . . . Times Spotted 86 | . . 23 19 10 7 27 Peak Tracking Total 11 | . . 11 7 2 6 11 Tactical Retreats 11 | . . 1 2 1 . 7 Traps | -11 -10 -9 -8 -7 -6 -6 ------- Run | Scr Mat Mat Mat Fac Fac Ext Traps Triggered 1 | . . 1 . . . . Indirectly . | . . . . . . . Trap Hack Attempts . | . . . . . . . Triggered . | . . . . . . . Disarmed . | . . . . . . . Reprogrammed . | . . . . . . . Reused . | . . . . . . . Traps Extracted . | . . . . . . . Installed . | . . . . . . . Triggered . | . . . . . . . Machines | -11 -10 -9 -8 -7 -6 -6 ---------- Run | Scr Mat Mat Mat Fac Fac Ext Machines Disabled . | . . . . . . . Max in Single Turn . | . . . . . . . Machines Sabotaged . | . . . . . . . Garrisons Compromised . | . . . . . . . Overloaded Fab Kills . | . . . . . . . Hacking | -11 -10 -9 -8 -7 -6 -6 --------- Run | Scr Mat Mat Mat Fac Fac Ext Machines Accessed 9 | . . 3 1 4 1 . Terminals 9 | . . 3 1 4 1 . Fabricators . | . . . . . . . Repair Stations . | . . . . . . . Recycling Units . | . . . . . . . Scanalyzers . | . . . . . . . Garrison Access . | . . . . . . . Total Hacks 24 | . . 13 3 7 1 . Successful 9 | . . 5 2 1 1 . Failed 15 | . . 8 1 6 . . Catastrophic 1 | . . . 1 . . . Database Lockouts . | . . . . . . . Manual 8 | . . 6 1 1 . . Terminals 24 | . . 13 3 7 1 . Fabricators . | . . . . . . . Repair Stations . | . . . . . . . Recycling Units . | . . . . . . . Scanalyzers . | . . . . . . . Garrison Access . | . . . . . . . Terminal Hacks 9 | . . 5 2 1 1 . Prototype ID Bank 2 | . . 2 . . . . Open Door 1 | . . . . . 1 . Terminal Index 1 | . . . 1 . . . Unreport Threat 2 | . . 2 . . . . Locate Traps 1 | . . . . 1 . . Recall Investigation 1 | . . 1 . . . . Hauler Manifests 1 | . . . 1 . . . Fabricator Hacks . | . . . . . . . Repair Station Hacks . | . . . . . . . Recycling Unit Hacks . | . . . . . . . Scanalyzer . | . . . . . . . Garrison Access Hacks . | . . . . . . . Unauthorized Hacks . | . . . . . . . Terminals . | . . . . . . . Fabricators . | . . . . . . . Repair Stations . | . . . . . . . Recycling Units . | . . . . . . . Scanalyzers . | . . . . . . . Garrison Access . | . . . . . . . Data Cores Recovered 1 | . . . . 1 . . Used 1 | . . . . 1 . . Hacking Detections 8 | . . 3 1 4 . . Full Trace Events . | . . . . . . . Feedback Events . | . . . . . . . Feedback Blocked . | . . . . . . . Robot Schematics Acquired . | . . . . . . . Robots Built . | . . . . . . . Authchips . | . . . . . . . Time . | . . . . . . . Total Robot Build Rating . | . . . . . . . Part Schematics Acquired . | . . . . . . . Parts Built . | . . . . . . . Authchips . | . . . . . . . Time . | . . . . . . . Total Part Build Rating . | . . . . . . . Parts Repaired . | . . . . . . . Time . | . . . . . . . Parts Recycled . | . . . . . . . Recycled Matter . | . . . . . . . Retrieved Matter . | . . . . . . . Retrieved Components . | . . . . . . . Parts Scanalyzed . | . . . . . . . Part Schematics Acquired . | . . . . . . . Parts Damaged . | . . . . . . . Bothacking | -11 -10 -9 -8 -7 -6 -6 ------------ Run | Scr Mat Mat Mat Fac Fac Ext Used RIF Installer . | . . . . . . . Robots Hacked . | . . . . . . . Non-combat . | . . . . . . . Combat . | . . . . . . . Robot Hacks Applied . | . . . . . . . Relay Couplers Released . | . . . . . . . Fabnet Peak Effective % . | . . . . . . . Robots Rewired 1 | . . . . . . 1 Allies Hacked . | . . . . . . . Hacks Repelled . | . . . . . . . Allies | -11 -10 -9 -8 -7 -6 -6 -------- Run | Scr Mat Mat Mat Fac Fac Ext Total Allies 1 | . . . . . . 1 Largest Group 1 | . . . . . . 1 Highest-Rated Group 31 | . . . . . . 31 Highest-Rated Ally 31 | . . . . . . 31 Total Orders . | . . . . . . . Ally Attacks 3 | . . . . . . 3 Total Damage 63 | . . . . . . 63 Kills 1 | . . . . . . 1 Allies Corrupted . | . . . . . . . Allies Melted . | . . . . . . . Intel | -11 -10 -9 -8 -7 -6 -6 ------- Run | Scr Mat Mat Mat Fac Fac Ext Robot Analysis Total . | . . . . . . . Derelict Logs Recovered . | . . . . . . . Drone Launches . | . . . . . . . Drone Recoveries . | . . . . . . . Exploration | -11 -10 -9 -8 -7 -6 -6 ------------- Run | Scr Mat Mat Mat Fac Fac Ext Turns Passed 3553 | 59 159 1005 460 869 347 654 Spaces Moved 2009 | 35 120 373 201 637 242 401 Core 16 | 11 . . . . . 5 Treads . | . . . . . . . Legs 1993 | 24 120 373 201 637 242 396 Wheels . | . . . . . . . Hover . | . . . . . . . Flight . | . . . . . . . Fastest Speed 50 | 50 120 120 120 112 112 112 Average Speed 127 | 130 120 175 123 115 112 115 Slowest Speed 450 | 200 120 190 190 120 112 450 Overloaded Moves . | . . . . . . . Propulsion Burnouts . | . . . . . . . Robots Hopped . | . . . . . . . Cave-ins Triggered . | . . . . . . . Exploration Rate (%) 20 | 4 33 28 19 22 5 35 Regions Visited 6 Branch Regions 1 Pre-discovered Areas . | . . . . . . . Known Exits Taken . | . . . . . . . Unknown Exits Taken 6 | 1 1 1 1 1 1 . Scrap Searched . | . . . . . . . Spaces Dug . | . . . . . . . Terrain Destroyed 19 | . . . . 4 15 . Melee . | . . . . . . . Projectile . | . . . . . . . AOE 19 | . . . . 4 15 . Terrain Rammed . | . . . . . . . Walls Destroyed . | . . . . . . . Machines Disabled . | . . . . . . . Actions | -11 -10 -9 -8 -7 -6 -6 --------- Run | Scr Mat Mat Mat Fac Fac Ext Total 2694 | 46 138 579 314 749 287 581 Wait 293 | . . 74 16 38 16 149 Move 2003 | 34 119 372 200 636 241 401 Hop . | . . . . . . . Pick Up 53 | 7 10 12 7 13 3 1 Fast Attach 24 | 5 . 8 3 8 . . Attach 23 | . 2 3 5 3 3 7 Detach 2 | . 1 . . 1 . . Swap 19 | . . 5 1 9 2 2 Drop 52 | . 6 16 3 26 . 1 Fire 211 | . . 89 79 15 22 6 Melee . | . . . . . . . Ram . | . . . . . . . Kick 1 | . . . . . . 1 Crush . | . . . . . . . Escape Stasis . | . . . . . . . Rewire 13 | . . . . . . 13 Trap . | . . . . . . . Miscellaneous . | . . . . . . . Route ------- -11/Scrapyard -10/Materials (discovered 2 exits: *Mat / [*Min]) -9/Materials -8/Materials -7/Factory -6/Factory -6/Extension History --------- Turn | Location | Event 9 | -11/Scrapyard | Discovered new exit (range 15) 60 | -11/Scrapyard | Entered Materials 168 | -10/Materials | Discovered new exit (range 6) 203 | -10/Materials | Discovered new exit (range 13) 219 | -10/Materials | Entered another Materials area 219 | -9/Materials | Evolved 2 slots: Utility x2 317 | -9/Materials | Build established: Mutant 889 | -9/Materials | Lost 4 parts (1n1u2w) 1133 | -9/Materials | Discovered new exit (range 3) 1206 | -9/Materials | Build established: Scavenger-Mutant 1224 | -9/Materials | Entered another Materials area 1224 | -8/Materials | Evolved 2 slots: Propulsion x1, Utility x1 1487 | -8/Materials | Discovered new exit (range 17) 1515 | -8/Materials | Garrison activated, responded to threat 1674 | -8/Materials | Garrison activated, responded to threat 1684 | -8/Materials | Entered Factory 1684 | -7/Factory | Evolved 2 slots: Propulsion x1, Utility x1 1896 | -7/Factory | Build established: Mutant 2424 | -7/Factory | Found Powered Armor 2530 | -7/Factory | Discovered new exit (range 17) 2553 | -7/Factory | Entered another Factory area 2553 | -6/Factory | Evolved 2 slots: Utility x2 2893 | -6/Factory | Discovered new exit (range 9) 2900 | -6/Factory | Entered Extension 3046 | -6/Extension | Spotted B-75 Beast 3475 | -6/Extension | Spotted B-75 Beast 3536 | -6/Extension | Core integrity fell below 50% 3550 | -6/Extension | Core integrity fell below 20% 3554 | -6/Extension | Destroyed by G-50 Soldier with Heavy Laser Last Messages --------------- 03513_ R-10 Processor collects Wheel. 03515_ Kicked R-10 Processor. 03524_ Hvy. Deuterium Engine destroyed. 03530_ G-50 Soldier destroyed. 03535_ Sensor Array destroyed. 03538_ Attempting to rewire UZ-4MU(g). 03539_ Y-54 Guardian springs to life. 03539_ Attempting to rewire UZ-4MU(g). 03540_ Imp. Titanium Leg destroyed. 03540_ Attempting to rewire UZ-4MU(g). 03541_ Mic. Nuclear Core destroyed. 03541_ Attempting to rewire UZ-4MU(g). 03543_ UZ-4MU(g) rewired. 03544_ S-27 Virus destroyed. 03544_ Imp. Titanium Leg destroyed. 03546_ Y-54 Guardian suffers critical hit (Burn). 03548_ Attempting to rewire WQ-ZH6(b). 03549_ UZ-4MU(g) destroyed. 03549_ Y-54 Guardian destroyed. 03549_ Attempting to rewire WQ-ZH6(b). Map ----- +----------------------------------------------------+ | | | | | | | | | | | | | | | | | | | | | | | | | | | | | | | | | | | ?????????????????????????????????????????????????? | | ?????????????????????????????????????????????????? | | ?????????????????????????????????????????????????? | | ??????????????????????########???????????????????? | | ??????????????????????# ] #???????????????????? | | ??????????????????????# #???????????????????? | | ??????????????????????# gb!=#???????????????????? | | ??????????????????????# b%*/#???????????????????? | | ??????????????????????# @=Y!#???????????????????? | | ??????????????????????# [%ssg#???????????????????? | | ??????????????????????###s##/#???????????????????? | | ????????????????????????#Y #???????????????????? | | ????????????? ########### #???????????????????? | | ???????????? #???????????????????? | | ???????????? #???????????????????? | | ???????????? #???????????????????? | | ???????????? #???????????????????? | | ???????????? Y #???????????????????? | | ?????????????######### #???????????????????? | | ?????????????????????# #???????????????????? | | ?????????????????????# #???????????????????? | | ?????????????????????####% #???????????????????? | | ????????????????????????# #???????????????????? | | ??????????????????#######+## #???????????????????? | | ??????????????????# ! ! # #???????????????????? | | ??????????????????# ! / / #???????????????????? | | ??????????????????# #%#???????????????????? | | ??????????????????# % #%#???????????????????? | | ??????????????????########## ##??????????????????? | | ???????????????????????????#%##??????????????????? | | ???????????????????????????# # ??#??#????????????? | | ?????????????????????????### ### ## ###??????????? | | ????????????????????????##" "" "????????? | +----------------------------------------------------+ Best States ------------- Heat Dissipation 38 Energy Generation 18 Energy Capacity 460 Matter Stores 300 Matter Capacity 300 Sight Range 18 Robot Scan Range 14 Terrain Scan Density 10 Armor Coverage 925 Resistance: TH 10 Evasion (%) 55 Targeting Accuracy 6 Item Schematics ----------------- None Robot Schematics ------------------ None Fabricated ------------ Nothing Alien Tech Used ----------------- None Achievements -------------- None Challenges ------------ None Game ------ Seed PointyKineticScreen Manual? 0 Play Time 00:58:21 Cumulative 41.0 hours Start 2022.11.14 @ 00:29:49 End 2022.11.14 @ 01:31:58 Sessions 1 Manual Loads 0 Difficulty Rogue Special Mode None Game No. 35 Rogue 35 Adventurer 0 Explorer 0 Win Type - Total 0 Types 0/0/0/0/0/0/0/0/0 Lore% 27 Gallery% 37 Achievement% 30 Wizard Run 0 Options --------- ASCII 0 Keyboard 1 Movement Numpad Keybinds 0 Fullscreen 1 Font 16/Terminus Map View 76x50 Tactical HUD 1 Map Filters NONE Filters NONE Steam 1 RUN: fff99227-d6f1-4c97-aa86-0cb861faea15